 Dungeon Crawl Stone Soup version 0.19.1 (webtiles) character file.

2253 JamesMay the Covered (level 9, -2/78 HPs)
             Began as a Minotaur Fighter on Dec 23, 2016.
             Was a Follower of Fedhas.
             Killed from afar by an electric eel (15 damage)
             ... with a bolt of electricity
             ... on level 7 of the Dungeon on Dec 27, 2016.
             The game lasted 01:24:55 (7335 turns).

JamesMay the Covered (Minotaur Fighter)             Turns: 7335, Time: 01:24:55

Health: -2/78      AC: 14    Str: 24    XL:     9   Next: 15%
Magic:  8/8        EV:  6    Int:  5    God:    Fedhas [*.....]
Gold:   394        SH: 11    Dex: 10    Spells: 0 memorised, 8 levels left

rFire  . . .     SeeInvis .     P - +3 trident (venom)
rCold  . . .     Gourm    .     d - +1 plate armour
rNeg   + . .     Faith    .     c - +1 shield
rPois  .         Spirit   .     (helmet restricted)
rElec  .         Reflect  .     (no cloak)
rCorr  .         Harm     .     (no gloves)
MR     .....                    (no boots)
Stlth  ..........               (no amulet)
                                C - ring of flight
                                v - ring of positive energy

@: no status effects
A: retaliatory headbutt, horns 2
a: Fungal Bloom, Evolution, Renounce Religion, Evoke Flight


You were on level 7 of the Dungeon.
You worshipped Fedhas.
Fedhas was aware of your devotion.
You were not hungry.

You visited 2 branches of the dungeon, and saw 8 of its levels.

You collected 394 gold pieces.

Inventory:

Hand Weapons
 a - a +0 long sword
 r - a +0 whip of freezing
 z - a +1 halberd
 H - a +1 mace of draining
 K - a +1 hand axe of electrocution
 P - a +3 trident of venom (weapon)
 Q - a +1 rapier of freezing
 W - a +0 blowgun
Missiles
 e - 104 stones (quivered)
 o - 44 bolts
 w - 69 arrows
 x - 96 sling bullets
 A - 10 tomahawks
 B - 24 poisoned needles
 O - 2 throwing nets
Armour
 b - a +1 scale mail
 c - a +1 shield (worn)
 d - a +1 plate armour (worn)
 j - a +0 ring mail
 n - a +0 robe
 q - a +0 scale mail
 D - a +0 robe
 M - a +0 leather armour
Jewellery
 v - a ring of positive energy (left hand)
 C - a ring of flight (right hand)
 E - a cursed ring of teleportation {unknown}
 S - an uncursed ring of wizardry
 X - a +2 ring of intelligence
Wands
 g - a wand of iceblast (7/15)
 R - a wand of lightning (9/15)
 Y - a wand of heal wounds (9/9)
Scrolls
 k - 5 scrolls of remove curse
 m - a scroll of teleportation
 t - a scroll of enchant weapon
 u - 2 scrolls of magic mapping
 y - a scroll of amnesia
 F - a scroll of noise {unknown}
 U - 2 scrolls of random uselessness
Potions
 i - a potion of flight
 l - a potion of curing {unknown}
 p - 2 potions of invisibility
 s - a potion of cure mutation
 N - a potion of might
Books
 V - a book of Changes

   Spells                             Type                      Level
   a - Beastly Appendage              Transmutation                1
   b - Sticks to Snakes               Transmutation                2
   c - Spider Form                    Transmutation/Poison         3
   d - Ice Form                       Ice/Transmutation            4
   e - Blade Hands                    Transmutation                5
Comestibles
 f - 6 bread rations
 h - 12 fruits
 Z - a meat ration


   Skills:
 + Level 6.6 Fighting
 + Level 3.1 Long Blades
 + Level 3.6 Maces & Flails
 + Level 6.6 Polearms
 + Level 4.1 Throwing
 + Level 7.7 Armour
 + Level 2.7 Dodging
 + Level 0.6 Stealth
 + Level 6.4 Shields


You had 8 spell levels left.
You didn't know any spells.

Dungeon Overview and Level Annotations

Branches:
Dungeon (7/15)             Temple (1/1) D:4

Altars:
Cheibriados
Dithmenos
Elyvilon
Fedhas
Hepliaklqana
Kikubaaqudgha
Makhleb
Nemelex Xobeh
Okawaru
Qazlal
Ru
Sif Muna
Trog
Vehumet
Xom
Yredelemnul
Zin
The Shining One

Annotations:
D:4 Duvessa


Innate Abilities, Weirdness & Mutations

You reflexively headbutt those who attack you in melee.
You have a pair of horns on your head.


Message History

The electric eel shoots out a bolt of lightning at you!
The bolt of electricity misses you. The bolt of electricity hits you!
The bolt of electricity hits the electric eel.
The electric eel completely resists.
You closely miss the electric eel. You headbutt the electric eel.
The electric eel is moderately wounded.
The electric eel shoots out a bolt of lightning at you!
The bolt of electricity hits you!
You puncture the electric eel!
The electric eel is poisoned.
Your headbutt misses the electric eel.
The electric eel is severely wounded.
The electric eel shoots out a bolt of lightning at you!
The bolt of electricity misses you. The bolt of electricity hits you!
* * * LOW HITPOINT WARNING * * *
The bolt of electricity hits the electric eel.
The electric eel completely resists.
The electric eel shoots out a bolt of lightning at you!
The bolt of electricity hits you!
You die...
Fedhas appreciates your contribution to the ecosystem.

≈≈≈.# . ...##
≈≈ ≈≈.. #≈.
#≈.# #≈.≈
#≈.#
##≈.≈###≈.#
≈≈≈.≈≈≈≈≈.#
.......@..#
≈≈≈.≈≈;;≈.###
##≈.≈###≈...#
#≈.≈ #≈.###
#≈.≈###≈.#
≈≈≈.≈≈≈≈≈.###
. ..........#
###
≈.≈≈≈≈≈.###
#.#
≈.≈###≈.##
#.# .


You could see 2 electric eels.

Vanquished Creatures
  Pikel (D:6)
  The ghost of RedPan the Archer, a novice CeHu (D:5)
  Prince Ribbit (D:6)
  An ice beast (D:6)
  An orc warrior (D:6)
  A slave (D:6)
  2 ogres
  A scorpion (D:5)
  Dowan (D:4)
  3 wights (D:6)
  3 crimson imps
  4 orc priests
  3 jellies
  2 hounds (D:5)
  2 orc wizards
  A bullfrog skeleton (D:6)
  An iguana (D:5)
  4 worker ants
  A howler monkey skeleton (D:5)
  5 adders
  A worm (D:2)
  6 dart slugs
  6 leopard geckos
  12 orcs
  6 giant cockroaches
  3 hobgoblins
  8 jackals
  8 kobolds
  5 quokkas
  3 ball pythons
  4 bats
  11 frilled lizards
  A giant cockroach zombie (D:5)
  9 goblins
  A leopard gecko zombie (D:5)
  2 quokka skeletons
  3 rats (D:2)
128 creatures vanquished.

Vanquished Creatures (others)
  A killer bee zombie (D:4)
  50 toadstools
51 creatures vanquished.

Grand Total: 179 creatures vanquished

Notes
Turn   | Place    | Note
-------+----------+-------------------------------------------
     0 | D:1      | JamesMay the Minotaur Fighter began the quest for the Orb.
     0 | D:1      | Reached XP level 1. HP: 19/19 MP: 0/0
   386 | D:1      | Reached XP level 2. HP: 27/27 MP: 1/1
   661 | D:1      | You fall through a shaft!
   816 | D:2      | Reached skill level 4 in Armour
   816 | D:2      | Reached XP level 3. HP: 33/33 MP: 2/2
  1118 | D:2      | Found an iron altar of Okawaru.
  1224 | D:2      | Found a blossoming altar of Fedhas.
  1257 | D:2      | Reached skill level 1 in Throwing
  1280 | D:2      | Became a worshipper of Fedhas Madash
  1899 | D:3      | Reached XP level 4. HP: 27/40 MP: 3/3
  1915 | D:3      | Reached XP level 5. HP: 11/46 MP: 4/4
  2434 | D:3      | Reached skill level 1 in Maces & Flails
  2817 | D:3      | Found a sparkling altar of Nemelex Xobeh.
  2982 | D:3      | Reached skill level 1 in Dodging
  3065 | D:4      | Found a glowing golden altar of the Shining One.
  3068 | D:4      | Noticed Duvessa
  3074 | D:4      | Noticed Dowan
  3492 | D:4      | Found a staircase to the Ecumenical Temple.
  3497 | Temple   | Entered the Ecumenical Temple
  4111 | D:4      | Killed Dowan
  4111 | D:4      | Reached XP level 6. HP: 32/52 MP: 5/5
  4514 | D:4      | Found a shadowy altar of Dithmenos.
  4650 | D:4      | Reached skill level 5 in Armour
  4823 | D:5      | Entered Level 5 of the Dungeon
  4895 | D:5      | Found a stormy altar of Qazlal.
  5023 | D:5      | Reached XP level 7. HP: 56/60 MP: 6/6
  5052 | D:5      | Found a basalt altar of Yredelemnul.
  5062 | D:5      | Reached skill level 5 in Shields
  5184 | D:5      | Noticed RedPan's ghost (novice CeHu)
  5274 | D:5      | Found a sacrificial altar of Ru.
  5295 | D:5      | Killed RedPan's ghost
  5295 | D:5      | Reached skill level 5 in Fighting
  5543 | D:5      | Found a snail-covered altar of Cheibriados.
  5596 | D:5      | Reached skill level 6 in Armour
  5596 | D:5      | Reached XP level 8. HP: 36/68 MP: 7/7
  5747 | D:5      | Reached * piety under Fedhas
  6526 | D:6      | Noticed Pikel
  6570 | D:6      | Killed Pikel
  6570 | D:6      | Reached skill level 5 in Polearms
  6570 | D:6      | Reached skill level 7 in Armour
  6679 | D:6      | Noticed Prince Ribbit
  6685 | D:6      | Killed Prince Ribbit
  6685 | D:6      | Reached XP level 9. HP: 68/78 MP: 8/8
  7335 | D:7      | Killed from afar by an electric eel

Skill      XL: |  1  2  3  4  5  6  7  8 |
---------------+-------------------------+-----
Shields        | 4 5 6 |  6.4
Armour         | 4 5 6 7 |  7.7
Fighting       | 4 5 6 |  6.6
Throwing       | 1 2 3 4 |  4.1
Long Blades    | 3 |  3.1
Maces & Flails | 2 3 |  3.6
Dodging        | 1 2 |  2.7
Polearms       | 3 6 |  6.6
Stealth        | |  0.6

Action                   |  1- 3 |  4- 6 |  7- 9 || total
-------------------------+-------+-------+-------++-------
Melee: Long sword        |    66 |       |       ||    66
       Headbutt          |    10 |    16 |    35 ||    61
       Mace              |    21 |    67 |       ||    88
       Trident           |       |    23 |   151 ||   174
 Fire: Blowgun           |       |     1 |       ||     1
Throw: Stone             |    90 |    37 |    23 ||   150
Invok: Fungal Bloom      |     4 |    11 |    17 ||    32
  Use: Scroll            |     3 |     8 |     6 ||    17
       Potion            |       |     3 |       ||     3
  Eat: Chunk             |     2 |     1 |       ||     3
       Meat ration       |       |     2 |     1 ||     3
       Fruit             |       |       |     5 ||     5
Armor: Scale mail        |    46 |    26 |    27 ||    99
       Plate armour      |       |       |    22 ||    22
Dodge: Dodged            |    19 |    23 |    25 ||    67
Block: Shield            |    45 |    41 |    61 ||   147
       Rpst.: Long sword |     3 |       |       ||     3
